 Dungeon Sprint DCSS version 0.29.1-2-gbd0b4ee654 (webtiles) character file.

Game seed: 4681675472768679027

1789 Zeld the Severer (level 8, -2/82 HPs)
             Began as a Minotaur Berserker on Oct 25, 2022.
             Was an Elder of Trog.
             Succumbed to Sonja's poison
             ... in the Dungeon (Sprint I: "Red Sonja").
             The game lasted 00:01:13 (924 turns).

Zeld the Severer (Minotaur Berserker)                Turns: 924, Time: 00:01:13

Health: -2/82      AC:  4    Str: 23    XL:     8   Next: 82%
Magic:  7/7        EV: 15    Int:  4    God:    Trog [****..]
Gold:   144        SH:  0    Dex: 11    Spells: 7/7 levels left

rFire   . . .      SeeInvis .   a - +0 hand axe
rCold   . . .      Faith    .   (no shield)
rNeg    . . .      Spirit   .   b - +0 animal skin
rPois   .          Reflect  .   (helmet restricted)
rElec   .          Harm     .   (no cloak)
rCorr   .          Rampage  .   (no gloves)
Will    ++...      NoTele   +   m - +0 pair of boots {Fly}
Stlth   +.........              (no amulet)
HPRegen 1.23/turn               (no ring)
MPRegen 0.10/turn               (no ring)

@: lethally poisoned (-2 -> -28), strong-willed, on berserk cooldown, flying,
regenerating, slowed, very slow
A: horns 2, retaliatory headbutt
a: Renounce Religion, Berserk, Trog's Hand, Brothers in Arms


You were in the Dungeon.
You worshipped Trog.
Trog was greatly pleased with you.
You visited 1 branch You collected 420 gold pieces.
You spent 276 gold pieces at shops.

Inventory:

Hand Weapons
 a - a +0 hand axe (weapon)
Armour
 b - a +0 animal skin (worn)
 m - a +0 pair of boots of flying (worn)
Wands
 i - a wand of quicksilver (4)
Scrolls
 h - a scroll of blinking
 j - a scroll of identify {unknown}
 k - a scroll of magic mapping {unknown}
 l - 2 scrolls of poison {unknown}
Potions
 c - a potion of curing
 d - a potion of heal wounds
 e - a potion of haste
 f - 2 potions of magic
 g - a potion of berserk rage


   Skills:
 + Level 11.3 Fighting
 * Level 15.2 Axes
 + Level 11.0 Armour
 + Level 10.0 Dodging


You had 7 spell levels left.
You didn't know any spells.
Your spell library was empty.

Dungeon Overview and Level Annotations

Branches:
Dungeon (1/1)

Altars:
Cheibriados
Dithmenos
Elyvilon
Fedhas
Gozag
Hepliaklqana
Kikubaaqudgha
Makhleb
Nemelex Xobeh
Okawaru
Qazlal
Ru
Sif Muna
Trog
Uskayaw
Vehumet
Wu Jian
Xom
Yredelemnul
Zin
The Shining One
Jiyva
Lugonu

Shops:
D *


Innate Abilities, Weirdness & Mutations

You have a pair of horns on your head.
You reflexively headbutt those who attack you in melee.


Message History

Sonja hits you with a +0 dagger of venom!
You are more poisoned.
Sonja hits you with a +0 dagger of venom. x2
Unknown command.
You slash Sonja! Your headbutt misses Sonja.
Sonja is almost dead.
You feel very sick. Sonja hits you but does no damage.
You are lethally poisoned!
Sonja hits you but does no damage.
You are more poisoned.
Sonja hits you but does no damage.
You are more poisoned.
You hit Sonja.
You kill Sonja!
Trog accepts your kill.
You can now call in reinforcements.
Trog appreciates your killing of a magic user.
You feel very sick.
Your Fighting skill increases to level 11!
Your Axes skill increases to level 15!
Your Armour skill increases to level 11!
Your Dodging skill increases to level 10!
Unknown command.
There is a lethal amount of poison in your body!
There is a lethal amount of poison in your body!
There is a lethal amount of poison in your body!
* * * LOW HITPOINT WARNING * * *
You feel extremely sick.
You feel a strong urge to attack something.
* * * LOW HITPOINT WARNING * * *
You feel extremely sick.
You are no longer berserk.
You are exhausted.
You feel yourself slow down.
* * * LOW HITPOINT WARNING * * *
You feel extremely sick.
Okay, then.
Your skin crawls.
You feel strong-willed.
You die...

##########################
#<.#.)').#..'..#__#..')..#
#..'..#..'.)#..'..'..#)..#
#..#####'#####'#__####...+
#..####..#...#.#### #####
#..#__####..##.#
#..#_____##'#_.+
#⌠⌠#_.∩..†'..._#
####_..__##_@#'#
#_____###)#[# #######
#.### $.$ $.$ ##.## #+#


There were no monsters in sight!

Vanquished Creatures
  Sonja (D)
  2 kobold demonologists (D)
  A slime creature (D)
  Sigmund (D)
  A yak (D)
  A floating eye (D)
  An ogre (D)
  A jelly (D)
  Ijyb (D)
10 creatures vanquished.

Notes
Turn   | Place    | Note
-------+----------+-------------------------------------------
     0 | D        | Zeld the Minotaur Berserker began the quest for the Orb.
     0 | D        | Reached XP level 1. HP: 19/19 MP: 0/0
     1 | D        | Noticed Ijyb
     5 | D        | Killed Ijyb
     6 | D        | Reached skill level 5 in Axes
     6 | D        | Reached XP level 2. HP: 28/28 MP: 1/1
   143 | D        | Noticed an ogre
   148 | D        | Killed an ogre
   149 | D        | Reached skill level 7 in Axes
   149 | D        | Reached skill level 5 in Armour
   149 | D        | Reached XP level 3. HP: 37/37 MP: 2/2
   149 | D        | Reached XP level 4. HP: 44/44 MP: 3/3
   276 | D        | Noticed Sigmund
   282 | D        | Killed Sigmund
   282 | D        | Reached ** piety under Trog
   283 | D        | Reached skill level 10 in Axes
   283 | D        | Reached XP level 5. HP: 52/52 MP: 4/4
   283 | D        | Reached XP level 6. HP: 60/60 MP: 5/5
   352 | D        | Found a burning altar of Makhleb.
   352 | D        | Found a viscous altar of Jiyva.
   352 | D        | Found a shimmering altar of Xom.
   352 | D        | Found a corrupted altar of Lugonu.
   352 | D        | Noticed a slime creature
   358 | D        | Killed a slime creature
   359 | D        | Reached skill level 11 in Axes
   405 | D        | Noticed a kobold demonologist
   405 | D        | Noticed a floating eye
   405 | D        | Noticed a kobold demonologist
   409 | D        | Paralysed by a floating eye for 3 turns
   413 | D        | Killed a floating eye
   414 | D        | Reached skill level 12 in Axes
   414 | D        | Reached XP level 7. HP: 70/70 MP: 6/6
   421 | D        | Noticed an orange demon
   421 | D        | Killed a kobold demonologist
   421 | D        | Reached *** piety under Trog
   422 | D        | Reached skill level 13 in Axes
   422 | D        | Killed a kobold demonologist
   423 | D        | Reached skill level 10 in Fighting
   423 | D        | Reached XP level 8. HP: 61/79 MP: 7/7
   591 | D        | Found an ornate altar of the Wu Jian Council.
   591 | D        | Found a shimmering blue altar of Sif Muna.
   593 | D        | Found a radiant altar of Vehumet.
   819 | D        | Found Ridosm's Assorted Antiques.
   819 | D        | Found an ancient bone altar of Kikubaaqudgha.
   819 | D        | Found a hazy altar of Hepliaklqana.
   819 | D        | Found a hide-covered altar of Uskayaw.
   819 | D        | Found a basalt altar of Yredelemnul.
   819 | D        | Found an opulent altar of Gozag.
   819 | D        | Found a snail-covered altar of Cheibriados.
   819 | D        | Found a sacrificial altar of Ru.
   819 | D        | Found a shadowy altar of Dithmenos.
   820 | D        | Found a stormy altar of Qazlal.
   820 | D        | Found a blossoming altar of Fedhas.
   820 | D        | Found a bloodstained altar of Trog.
   820 | D        | Found an iron altar of Okawaru.
   820 | D        | Found a glowing golden altar of the Shining One.
   820 | D        | Found a glowing silver altar of Zin.
   820 | D        | Found a white marble altar of Elyvilon.
   826 | D        | Reached skill level 14 in Axes
   826 | D        | Reached skill level 10 in Armour
   826 | D        | Found a sparkling altar of Nemelex Xobeh.
   830 | D        | Bought a scroll labelled YFRORU WONUCK for 24 gold pieces
   830 | D        | Bought a scroll labelled ANGIAV DIOVO for 24 gold pieces
   830 | D        | Bought a scroll labelled KIUSHR NEZXUR for 24 gold pieces
   830 | D        | Bought a scroll labelled KIUSHR NEZXUR for 24 gold pieces
   830 | D        | Bought a pair of embroidered boots for 180 gold pieces
   909 | D        | Noticed Sonja
   920 | D        | Killed Sonja
   920 | D        | Reached **** piety under Trog
   921 | D        | Reached skill level 15 in Axes
   921 | D        | Reached skill level 10 in Dodging
   924 | D        | Succumbed to Sonja's poison

Illustrated notes

Levels and vault maps discovered:
D:        dungeon_sprint_1 [red_sonja_temple_1, red_sonja_temple_small_1]

Skill      XL: |  1  2  3  4  5  6  7  8 |
---------------+-------------------------+-----
Fighting       | 4 6 7 9 10 11 | 11.3
Axes           | 5 7 10 12 13 15 | 15.2
Armour         | 3 5 7 8 9 11 | 11.0
Dodging        | 3 4 6 7 9 10 | 10.0

Action                   |  1- 3 |  4- 6 |  7- 9 || total
-------------------------+-------+-------+-------++-------
Melee: Hand axe          |     4 |    10 |    28 ||    42
       Headbutt          |     2 |     2 |     5 ||     9
       Punch             |       |       |     1 ||     1
Invok: Berserk           |     2 |     3 |     1 ||     6
       Trog's Hand       |       |       |     1 ||     1
 Stab: Sleeping          |       |       |     1 ||     1
Armor: Animal skin       |       |     2 |     3 ||     5
Dodge: Dodged            |     3 |     3 |     8 ||    14
